AoeStats
← kidori

Arabia

504470159Analyzed
1v1 RM · 26d ago on Sep 5, 2026· 38m 50s· 2 players
Game mode
Random Map
Map size
Tiny (2 player)
Population
200
Speed
Normal
Resources
Standard
Victory
Conquest
Starting age
Dark Age
Ending age
Imperial Age
RankedLock teamsTeams togetherTeam positionsShared explorationLock speedFull tech treeHidden civsTurbo modeCheats
Victory
Defeat
🇮🇳 Chinese · India
1142
+16
🇨🇭 Lithuanians · Switzerland
1145
-16
kidori
0:26 Loom
9:34 Feudal Age
13:31 Double-Bit Axe
15:03 Horse Collar
20:08 Castle Age
18:46 Gold Mining
21:47 Wheelbarrow
22:23 Scale Mail Armor
22:34 Forging
26:51 Chain Mail Armor
28:14 Bow Saw
28:09 Arson
32:57 Iron Casting
38:34 Imperial Age
35:54 Town Watch
37:06 Squires
36:59 Fletching
37:09 Padded Archer Armor
38:08 Town Patrol
38:24 Hand Cart
39:47 Conscription
stopp.loss
6:36 Loom
9:08 Feudal Age
9:56 Double-Bit Axe
10:23 Horse Collar
21:40 Castle Age
19:36 Gold Mining
21:21 Bloodlines
21:31 Scale Barding Armor
23:38 Bow Saw
25:19 Fletching
26:25 Bodkin Arrow
26:23 Elite Skirmisher
34:36 Wheelbarrow
34:06 Padded Archer Armor
35:29 Leather Archer Armor
39:39 Imperial Age
37:49 Hand Cart
38:20 Ballistics
Connection lost

Rejoining the realm…

Still unreachable

The connection could not be restored.

Session expired

The server has moved on; the page needs a fresh start.